 Dungeon Crawl Stone Soup version 0.28.0-45-g0d030f2227 (webtiles) character file.

Game seed: 12810989298159147900

23 NinjaNoafa the Ruffian (level 2, -5/23 HPs)
             Began as a Draconian Transmuter on Apr 17, 2022.
             Slain by a goblin
             ... wielding a +0 dagger
             ... led by Robin
              (6 damage)
             ... on level 2 of the Dungeon.
             The game lasted 00:02:50 (1360 turns).

NinjaNoafa the Ruffian (Draconian Transmuter)       Turns: 1360, Time: 00:02:51

Health: -5/23      AC:  4    Str: 12    XL:     2   Next: 75%
Magic:  3/5        EV: 12    Int: 13    God:
Gold:   92         SH:  0    Dex: 11    Spells: 4/5 levels left

rFire   . . .      SeeInvis .   e - +0 dagger
rCold   . . .      Faith    .   (no shield)
rNeg    . . .      Spirit   .   (armour unavailable)
rPois   .          Reflect  .   (helmet restricted)
rElec   .          Harm     +   i - scarf {harm}
rCorr   .          Rampage  .   (no gloves)
Will    .....                   (no boots)
Stlth   +.........              (no amulet)
HPRegen 0.07/turn               (no ring)
MPRegen 0.09/turn               (no ring)

@: lethally poisoned (-5 -> -13)
A: AC +4, unfitting armour, cold-blooded
a: no special abilities


You were on level 2 of the Dungeon.
You visited 1 branch of the dungeon, and saw 2 of its levels.

You collected 92 gold pieces.

Inventory:

Hand Weapons
 d - a +0 quarterstaff
 e - a +0 dagger (weapon)
Missiles
 c - 21 stones
 h - 3 poisoned darts (quivered)
Armour
 i - a scarf of harm (worn)
Scrolls
 g - a scroll of identify {unknown}
Potions
 f - a potion of berserk rage {unknown}


   Skills:
 * Level 1.4 Fighting
 * Level 2.1 Dodging
 * Level 3.1 Unarmed Combat
 * Level 2.4 Spellcasting
 * Level 2.2 Transmutations
 + Level 0.1 Poison Magic


You had 4 spell levels left.
You knew the following spells:

 Your Spells              Type           Power      Damage    Failure   Level
a - Beastly Appendage     Tmut           14%        N/A       10%         1

Your spell library contained the following spells:

 Spells                   Type           Power      Damage    Failure   Level
 Wereblood                Tmut           7%         N/A       14%         2
 Spider Form              Tmut/Pois      4%         N/A       41%         3
 Dazzling Flash           Conj/Hex       2%         N/A       58%         3
 Ice Form                 Ice/Tmut       4%         N/A       83%         4
 Agony                    Necr           1%         N/A       100%        5
 Silence                  Hex/Air        0%         N/A       100%        5


Dungeon Overview and Level Annotations

Branches:
Dungeon (2/15)

Altars:

Annotations:
D:2 Robin


Innate Abilities, Weirdness & Mutations

Your plain brown scales are hard. (AC +4)
You cannot fit into any form of body armour.
You are cold-blooded and may be slowed by cold attacks.


Message History

You closely miss the adder. Your kick misses the adder.
Your headbutt misses the adder.
You feel sick. The adder bites you.
You are more poisoned.
The adder poisons you!
A hobgoblin comes into view.
The adder barely misses you.
Robin roars a battlecry!
The goblins go into a battle-frenzy!
The goblin closely misses you.
Casting: Beastly Appendage (safe; 10% risk of failure)
Confirm with . or Enter, or press ? or * to list all spells.
You extend your transformation's duration.
You feel very sick. The adder bites you. Robin throws the goblin at you!
The goblin hits you but does no damage.
You barely miss the adder. Your headbutt misses the adder.
You feel sick.
A goblin comes into view. It is wielding a +0 dagger.
The goblin hits you but does no damage. The adder bites you.
* * * LOW HITPOINT WARNING * * *
You are more poisoned.
The adder poisons you! The goblin hits you but does no damage.
It was a potion of lignification.
Your horns disappear.
Your talons disappear.
You turn into a tree.
Your scarf of harm melds into your body.
Your roots penetrate the ground.
* * * LOW HITPOINT WARNING * * *
You feel very sick. The adder barely misses you.
The goblin hits you but does no damage. x2
A kobold comes into view.
It is wielding a +0 short sword of freezing.
The goblin hits you but does no damage. The adder bites you but does no damage.
It was a potion of cancellation.
Your magical effects are unravelling.
You feel magically purged.
You feel less wooden.
Your scarf of harm unmelds from your body.
* * * LOW HITPOINT WARNING * * *
You feel very sick. The goblin closely misses you.
The goblin hits you with a +0 dagger.
You die...

#..###......#..### #
.#.........#.#####
...................#
..>................# #
......#............#..
......................
..........#####...#...
<.............gg.g....
............S@gg.gg.K
.......###..gg...g..
....... #...gg.....
...#### #..........
### ##...$.....
#....).... #........#
##########


You could see Robin, an adder, 3 hobgoblins, 8 goblins and a kobold.

Vanquished Creatures
  A worm (D:1)
  A dart slug (D:1)
  A ball python (D:1)
  3 goblins (D:1)
  A hobgoblin (D:2)
  3 kobolds (D:1)
  A quokka (D:2)
  3 bats (D:1)
  3 rats (D:1)
17 creatures vanquished.

Notes
Turn   | Place    | Note
-------+----------+-------------------------------------------
     0 | D:1      | NinjaNoafa the Draconian Transmuter began the quest for the
                  | Orb.
     0 | D:1      | Reached XP level 1. HP: 16/16 MP: 3/3
   438 | D:1      | Reached XP level 2. HP: 21/23 MP: 3/5
   780 | D:1      | Found a faded altar of an unknown god.
  1354 | D:2      | Noticed Robin
  1360 | D:2      | HP: 1/23 [poisoned by an adder]
  1360 | D:2      | Slain by a goblin

Illustrated notes

Levels and vault maps discovered:
D:1:      dpeg_arrival_brainrot, layout_loops_corners,
          ebering_ecumenical_altar_ruins, serial_aquarium,
          aquarium_bridge_island_small [aquarium_subvault_small_water,
          aquarium_subvault_bridge, aquarium_subvault_wall,
          aquarium_subvault_wall, aquarium_subvault_bridge], aquarium_window_2,
          aquarium_window_1, aquarium_window_corridor_1, aquarium_view_2c,
          aquarium_balcony_3a
D:2:      layout_rooms, uniq_robin, uniq_terence

Skill      XL: |  1  2 |
---------------+-------+-----
Dodging        | 2 |  2.1
Fighting       | |  1.4
Unarmed Combat | |  3.1
Spellcasting   | |  2.4
Transmutations | |  2.2
Poison Magic   | |  0.1

Action                   || total
-------------------------++-------
Melee: Unarmed           ||    21
       Dagger            ||    37
       Kick              ||    11
       Headbutt          ||     5
       Tailslap          ||     5
       Punch             ||     1
 Cast: Beastly Appendage ||    15
  Use: Potion            ||     2
Armor: Skin              ||    35
Dodge: Dodged            ||    48
